[ AOE2 MATCH · #513704474 ]
UnrankedSpanish vs Dravidians
Player's team · LOSS
[ REPLAY ANALYSIS · EXTRACTED FROM THE RECORDED GAME ]
Feudal
8:50
Castle
23:58
Imperial
44:36
| APM avg | 46.8 |
| APM peak | 83 |
| eAPM avg | 22.1 |
| Villagers / military | 162 / 130 |
Focus
⚔️ 33.8% · 🌾 66.2%
Knight ×80 · Skirmisher ×27 · Scout Cavalry ×10 · Scorpion ×5 · Trebuchet (Packed) ×3 · Archer ×2
Feudal
8:50
Castle
25:28
Imperial
47:07
| APM avg | 99.2 |
| APM peak | 142 |
| eAPM avg | 38.9 |
| Villagers / military | 177 / 231 |
Focus
⚔️ 33.7% · 🌾 66.3%
Spearman ×90 · Archer ×72 · Skirmisher ×49 · Monk ×8 · Urumi Swordsman ×5 · Trebuchet (Packed) ×4
Match map
Initial resources + every placement click. Lines = walls · curves = elevation contours. ◆ gold · ⬟ stone · ● berries · ✦ relic · ◌ wall gap
Your base· Open — unwalled flank
陈润健手持镰刀割韭菜's base· Open — 3t gap
Smoothed initial terrain · ◌ = detected wall gap · hover for details
Inputs per minute
— Mete Başkan - - 陈润健手持镰刀割韭菜
Build order — Mete Başkan
First 150 of 412 actions detected
| 0:01 | Queue | Villager (Male) ×4 |
| 0:02 | Build | House |
| 0:03 | Build | House |
| 1:28 | Queue | Villager (Male) |
| 1:50 | Build | Lumber Camp |
| 2:01 | Queue | Villager (Male) |
| 2:24 | Queue | Villager (Male) |
| 2:46 | Queue | Villager (Male) |
| 3:10 | Queue | Villager (Male) |
| 3:12 | Build | House |
| 3:38 | Queue | Villager (Male) |
| 4:04 | Queue | Villager (Male) |
| 4:04 | Queue | Villager (Male) |
| 4:26 | Queue | Villager (Male) |
| 4:45 | Queue | Villager (Male) |
| 4:46 | Build | Mill |
| 5:03 | Queue | Villager (Male) |
| 5:49 | Queue | Villager (Male) |
| 5:50 | Research | Loom |
| 6:38 | Research | Feudal Age |
| 7:07 | Build | Barracks |
| 7:08 | Build | Palisade Wall |
| 7:35 | Build | House |
| 7:37 | Build | House |
| 8:15 | Queue | Villager (Male) |
| 8:50 | Age | Feudal Age |
| 8:58 | Build | Stable |
| 8:59 | Research | Double-Bit Axe |
| 9:01 | Queue | Villager (Male) |
| 9:35 | Queue | Villager (Male) |
| 9:43 | Queue | Scout Cavalry |
| 9:44 | Queue | Scout Cavalry |
| 9:51 | Build | House |
| 9:55 | Build | Archery Range |
| 9:57 | Queue | Villager (Male) |
| 10:11 | Queue | Spearman |
| 10:30 | Queue | Villager (Male) |
| 10:40 | Build | Mining Camp |
| 10:50 | Queue | Skirmisher |
| 10:51 | Queue | Skirmisher |
| 11:02 | Build | Farm |
| 11:06 | Build | Farm |
| 11:07 | Build | Farm |
| 11:14 | Build | Watch Tower |
| 11:19 | Build | Watch Tower |
| 11:23 | Build | Watch Tower |
| 11:33 | Queue | Villager (Male) |
| 11:33 | Queue | Villager (Male) |
| 12:10 | Build | Farm |
| 12:12 | Build | Farm |
| 12:29 | Build | Farm |
| 12:50 | Build | Farm |
| 12:53 | Queue | Archer |
| 12:54 | Queue | Archer |
| 13:13 | Queue | Villager (Male) |
| 13:13 | Queue | Villager (Male) |
| 13:25 | Build | Palisade Wall |
| 13:40 | Queue | Villager (Male) |
| 13:40 | Queue | Villager (Male) |
| 13:48 | Build | Farm |
| 13:49 | Build | Farm |
| 13:50 | Build | Farm |
| 13:59 | Queue | Villager (Male) |
| 13:59 | Queue | Villager (Male) |
| 14:11 | Build | Watch Tower |
| 14:28 | Queue | Villager (Male) |
| 14:42 | Build | Lumber Camp |
| 14:44 | Build | House |
| 14:45 | Build | House |
| 14:56 | Queue | Villager (Male) |
| 14:57 | Queue | Villager (Male) |
| 15:04 | Build | Mining Camp |
| 15:25 | Build | Palisade Wall |
| 15:37 | Queue | Villager (Male) |
| 15:41 | Build | Farm |
| 15:49 | Build | Watch Tower |
| 15:59 | Queue | Villager (Male) |
| 16:28 | Queue | Scout Cavalry |
| 16:32 | Queue | Villager (Male) |
| 16:33 | Build | Farm |
| 16:50 | Queue | Villager (Male) |
| 17:05 | Build | Farm |
| 17:08 | Queue | Villager (Male) |
| 17:28 | Build | Mill |
| 17:29 | Queue | Villager (Male) |
| 17:34 | Build | House |
| 17:52 | Build | Farm |
| 17:54 | Build | Farm |
| 18:12 | Build | Blacksmith |
| 18:14 | Queue | Villager (Male) |
| 18:19 | Queue | Villager (Male) |
| 18:22 | Build | Farm |
| 18:42 | Research | Fletching |
| 18:48 | Build | Farm |
| 18:50 | Queue | Villager (Male) |
| 19:29 | Queue | Villager (Male) |
| 19:31 | Build | Farm |
| 19:38 | Build | Market |
| 20:02 | Queue | Villager (Male) |
| 20:02 | Queue | Villager (Male) |
| 20:16 | Build | House |
| 20:32 | Build | Farm |
| 20:46 | Queue | Villager (Male) |
| 21:00 | Build | Farm |
| 21:18 | Research | Castle Age |
| 21:49 | Build | Stable |
| 22:11 | Queue | Scout Cavalry |
| 22:26 | Queue | Scout Cavalry |
| 22:44 | Queue | Scout Cavalry |
| 22:45 | Queue | Scout Cavalry |
| 22:53 | Build | Farm |
| 22:53 | Build | Farm |
| 22:58 | Queue | Villager (Male) |
| 23:20 | Queue | Scout Cavalry |
| 23:20 | Queue | Scout Cavalry |
| 23:26 | Build | Lumber Camp |
| 23:28 | Queue | Villager (Male) |
| 23:58 | Age | Castle Age |
| 23:59 | Research | Scale Barding Armor |
| 24:21 | Queue | Scout Cavalry |
| 24:57 | Queue | Knight |
| 24:57 | Queue | Knight |
| 24:57 | Queue | Knight |
| 24:57 | Queue | Knight |
| 24:58 | Queue | Knight |
| 25:10 | Queue | Villager (Male) |
| 25:13 | Build | Siege Workshop |
| 25:19 | Queue | Villager (Male) |
| 25:20 | Queue | Villager (Male) |
| 25:36 | Queue | Knight |
| 25:37 | Queue | Knight |
| 25:40 | Build | House |
| 25:48 | Queue | Villager (Male) |
| 25:51 | Research | Horse Collar |
| 26:04 | Queue | Villager (Male) |
| 26:20 | Build | Castle |
| 26:26 | Queue | Villager (Male) |
| 26:59 | Queue | Villager (Male) |
| 26:59 | Queue | Villager (Male) |
| 27:03 | Queue | Scorpion |
| 27:42 | Queue | Villager (Male) |
| 27:42 | Queue | Villager (Male) |
| 28:01 | Build | Farm |
| 28:02 | Build | Farm |
| 28:08 | Queue | Villager (Male) |
| 28:08 | Queue | Villager (Male) |
| 28:23 | Queue | Villager (Male) |
| 28:42 | Queue | Villager (Male) |
| 28:48 | Research | Gold Mining |
| 29:06 | Queue | Knight |
Build order — 陈润健手持镰刀割韭菜
First 150 of 733 actions detected
| 0:00 | Queue | Villager (Male) ×4 |
| 0:01 | Queue | Villager (Male) ×4 |
| 0:02 | Build | House |
| 0:03 | Build | House |
| 1:31 | Queue | Villager (Male) |
| 1:31 | Queue | Villager (Male) |
| 1:58 | Queue | Villager (Male) |
| 2:09 | Queue | Villager (Male) |
| 2:20 | Build | Lumber Camp |
| 2:42 | Queue | Villager (Male) |
| 3:04 | Queue | Villager (Male) |
| 3:16 | Queue | Villager (Male) |
| 3:16 | Queue | Villager (Male) |
| 3:30 | Queue | Villager (Male) |
| 3:51 | Build | House |
| 4:11 | Queue | Villager (Male) |
| 4:11 | Queue | Villager (Male) |
| 4:11 | Queue | Villager (Male) |
| 5:07 | Queue | Villager (Male) |
| 5:07 | Queue | Villager (Male) |
| 5:11 | Build | Mill |
| 5:16 | Research | Loom |
| 6:37 | Research | Feudal Age |
| 7:20 | Build | House |
| 8:02 | Build | Barracks |
| 8:07 | Queue | Villager (Male) |
| 8:44 | Queue | Villager (Male) |
| 8:50 | Age | Feudal Age |
| 8:58 | Build | Archery Range |
| 8:59 | Queue | Spearman |
| 9:01 | Research | Double-Bit Axe |
| 9:02 | Queue | Villager (Male) |
| 9:02 | Queue | Villager (Male) |
| 9:20 | Build | House |
| 9:30 | Queue | Skirmisher |
| 9:37 | Build | Archery Range |
| 9:46 | Queue | Skirmisher |
| 9:54 | Build | House |
| 10:11 | Queue | Skirmisher |
| 10:30 | Queue | Spearman |
| 10:31 | Queue | Skirmisher |
| 10:31 | Queue | Skirmisher |
| 10:37 | Queue | Villager (Male) |
| 10:37 | Queue | Villager (Male) |
| 10:47 | Queue | Spearman |
| 11:03 | Queue | Villager (Male) |
| 11:04 | Queue | Villager (Male) |
| 11:05 | Build | Farm |
| 11:07 | Build | House |
| 11:20 | Build | House |
| 11:21 | Build | Palisade Wall |
| 11:21 | Build | Palisade Wall |
| 11:30 | Queue | Villager (Male) |
| 11:34 | Queue | Skirmisher |
| 11:34 | Queue | Skirmisher |
| 11:35 | Build | Palisade Wall |
| 11:51 | Queue | Skirmisher |
| 11:51 | Queue | Skirmisher |
| 12:13 | Build | Watch Tower |
| 12:16 | Queue | Skirmisher |
| 12:18 | Queue | Villager (Male) |
| 12:18 | Queue | Villager (Male) |
| 12:23 | Build | House |
| 12:36 | Queue | Skirmisher |
| 12:37 | Queue | Skirmisher |
| 12:43 | Build | House |
| 13:08 | Queue | Villager (Male) |
| 13:11 | Build | Farm |
| 13:35 | Build | Mill |
| 13:46 | Queue | Villager (Male) |
| 13:48 | Build | Farm |
| 13:50 | Build | Farm |
| 13:52 | Build | House |
| 14:09 | Queue | Skirmisher |
| 14:10 | Queue | Skirmisher |
| 14:10 | Queue | Skirmisher |
| 14:32 | Build | Farm |
| 14:39 | Queue | Skirmisher |
| 14:39 | Queue | Skirmisher |
| 14:43 | Queue | Villager (Male) |
| 14:43 | Queue | Villager (Male) |
| 14:50 | Build | House |
| 14:53 | Queue | Villager (Male) |
| 14:54 | Queue | Skirmisher |
| 15:07 | Queue | Villager (Male) |
| 15:07 | Queue | Villager (Male) |
| 15:09 | Build | Farm |
| 15:17 | Queue | Skirmisher |
| 15:30 | Queue | Villager (Male) |
| 15:32 | Build | Farm |
| 15:43 | Queue | Skirmisher |
| 15:43 | Queue | Skirmisher |
| 15:43 | Queue | Skirmisher |
| 15:58 | Queue | Villager (Male) |
| 16:21 | Queue | Spearman |
| 16:29 | Queue | Villager (Male) |
| 16:30 | Build | Farm |
| 16:34 | Build | Mining Camp |
| 16:35 | Queue | Villager (Male) |
| 16:36 | Queue | Spearman |
| 16:51 | Build | Farm |
| 16:52 | Build | Farm |
| 16:53 | Queue | Villager (Male) |
| 17:06 | Build | Palisade Wall |
| 17:07 | Build | Palisade Wall |
| 17:08 | Build | Palisade Wall |
| 17:09 | Build | Palisade Wall |
| 17:10 | Build | Palisade Wall |
| 17:10 | Build | Palisade Wall |
| 17:11 | Build | Palisade Wall |
| 17:19 | Queue | Villager (Male) |
| 17:21 | Build | Farm |
| 17:27 | Build | Lumber Camp |
| 17:49 | Queue | Villager (Male) |
| 18:13 | Queue | Spearman |
| 18:14 | Queue | Skirmisher |
| 18:14 | Queue | Skirmisher |
| 18:33 | Build | Farm |
| 18:40 | Build | House |
| 18:50 | Build | Watch Tower |
| 19:15 | Queue | Villager (Male) |
| 19:17 | Build | Blacksmith |
| 19:27 | Build | Farm |
| 19:30 | Queue | Villager (Male) |
| 19:36 | Queue | Skirmisher |
| 19:36 | Queue | Skirmisher |
| 19:57 | Research | Fletching |
| 19:58 | Research | Fletching |
| 20:01 | Queue | Villager (Male) |
| 20:20 | Queue | Villager (Male) |
| 20:22 | Build | Farm |
| 20:22 | Build | Farm |
| 20:35 | Build | Watch Tower |
| 20:47 | Queue | Villager (Male) |
| 20:49 | Build | Farm |
| 21:01 | Build | Palisade Wall |
| 21:03 | Build | Mining Camp |
| 21:05 | Queue | Villager (Male) |
| 21:07 | Build | Palisade Wall |
| 21:58 | Build | Market |
| 22:01 | Queue | Villager (Male) |
| 22:14 | Queue | Skirmisher |
| 22:15 | Queue | Skirmisher |
| 22:15 | Queue | Skirmisher |
| 22:17 | Queue | Skirmisher |
| 22:27 | Build | Farm |
| 22:27 | Build | Farm |
| 22:48 | Research | Castle Age |
| 22:52 | Queue | Spearman |
| 22:52 | Queue | Spearman |
Match timeline
| 7:07 | Mete Başkan · first_building Barracks |
| 7:08 | Mete Başkan · wall_segment Palisade Wall x1 |
| 8:02 | 陈润健手持镰刀割韭菜 · first_building Barracks |
| 8:50 | 陈润健手持镰刀割韭菜 · age_up feudal |
| 8:50 | Mete Başkan · age_up feudal |
| 8:58 | Mete Başkan · first_building Stable |
| 8:58 | 陈润健手持镰刀割韭菜 · first_building Archery Range |
| 9:55 | Mete Başkan · first_building Archery Range |
| 11:21 | 陈润健手持镰刀割韭菜 · wall_segment Palisade Wall x1 |
| 11:21 | 陈润健手持镰刀割韭菜 · wall_segment Palisade Wall x1 |
| 11:35 | 陈润健手持镰刀割韭菜 · wall_segment Palisade Wall x1 |
| 13:25 | Mete Başkan · wall_segment Palisade Wall x1 |
| 15:25 | Mete Başkan · wall_segment Palisade Wall x1 |
| 17:06 | 陈润健手持镰刀割韭菜 · wall_segment Palisade Wall x1 |
| 17:07 | 陈润健手持镰刀割韭菜 · wall_segment Palisade Wall x1 |
| 17:08 | 陈润健手持镰刀割韭菜 · wall_segment Palisade Wall x1 |
| 17:09 | 陈润健手持镰刀割韭菜 · wall_segment Palisade Wall x1 |
| 17:10 | 陈润健手持镰刀割韭菜 · wall_segment Palisade Wall x1 |
| 17:10 | 陈润健手持镰刀割韭菜 · wall_segment Palisade Wall x1 |
| 17:11 | 陈润健手持镰刀割韭菜 · wall_segment Palisade Wall x1 |
| 20:23 | Mete Başkan · first_market_sell 100 wood |
| 20:24 | Mete Başkan · first_market_buy 100 food |
| 21:01 | 陈润健手持镰刀割韭菜 · wall_segment Palisade Wall x1 |
| 21:07 | 陈润健手持镰刀割韭菜 · wall_segment Palisade Wall x1 |
| 22:42 | 陈润健手持镰刀割韭菜 · first_market_sell 100 food |
| 22:58 | 陈润健手持镰刀割韭菜 · wall_segment Palisade Wall x1 |
| 22:58 | 陈润健手持镰刀割韭菜 · wall_segment Palisade Wall x1 |
| 22:58 | 陈润健手持镰刀割韭菜 · wall_segment Palisade Wall x2 |
| 22:58 | 陈润健手持镰刀割韭菜 · wall_segment Palisade Wall x1 |
| 22:59 | 陈润健手持镰刀割韭菜 · wall_segment Palisade Wall x1 |
| 22:59 | 陈润健手持镰刀割韭菜 · wall_segment Palisade Wall x1 |
| 22:59 | 陈润健手持镰刀割韭菜 · wall_segment Palisade Wall x1 |
| 23:00 | 陈润健手持镰刀割韭菜 · wall_segment Palisade Wall x1 |
| 23:00 | 陈润健手持镰刀割韭菜 · wall_segment Palisade Wall x1 |
| 23:00 | 陈润健手持镰刀割韭菜 · wall_segment Palisade Wall x1 |
| 23:00 | 陈润健手持镰刀割韭菜 · wall_segment Palisade Wall x1 |
| 23:01 | 陈润健手持镰刀割韭菜 · wall_segment Palisade Wall x2 |
| 23:01 | 陈润健手持镰刀割韭菜 · wall_segment Palisade Wall x1 |
| 23:01 | 陈润健手持镰刀割韭菜 · wall_segment Palisade Wall x1 |
| 23:02 | 陈润健手持镰刀割韭菜 · wall_segment Palisade Wall x1 |
| 23:02 | 陈润健手持镰刀割韭菜 · wall_segment Palisade Wall x1 |
| 23:17 | 陈润健手持镰刀割韭菜 · wall_segment Palisade Wall x10 |
| 23:20 | 陈润健手持镰刀割韭菜 · wall_segment Palisade Wall x4 |
| 23:22 | 陈润健手持镰刀割韭菜 · wall_segment Palisade Wall x5 |
| 23:24 | 陈润健手持镰刀割韭菜 · wall_segment Palisade Wall x1 |
| 23:25 | 陈润健手持镰刀割韭菜 · wall_segment Palisade Wall x1 |
| 23:58 | Mete Başkan · age_up castle |
| 25:13 | Mete Başkan · first_building Siege Workshop |
| 25:28 | 陈润健手持镰刀割韭菜 · age_up castle |
| 25:39 | 陈润健手持镰刀割韭菜 · first_market_buy 100 food |
| 26:20 | Mete Başkan · first_building Castle |
| 26:24 | 陈润健手持镰刀割韭菜 · wall_segment Palisade Wall x1 |
| 28:54 | 陈润健手持镰刀割韭菜 · first_building Monastery |
| 32:41 | 陈润健手持镰刀割韭菜 · wall_segment Palisade Wall x1 |
| 32:46 | 陈润健手持镰刀割韭菜 · wall_segment Palisade Wall x1 |
| 35:13 | 陈润健手持镰刀割韭菜 · first_building Castle |
| 35:46 | 陈润健手持镰刀割韭菜 · wall_segment Palisade Wall x1 |
| 35:47 | 陈润健手持镰刀割韭菜 · wall_segment Palisade Wall x1 |
| 36:19 | 陈润健手持镰刀割韭菜 · wall_segment Palisade Wall x1 |
| 37:44 | Mete Başkan · first_building Monastery |
| 38:04 | 陈润健手持镰刀割韭菜 · first_building Siege Workshop |
| 44:36 | Mete Başkan · age_up imperial |
| 47:07 | 陈润健手持镰刀割韭菜 · age_up imperial |
| 49:48 | 陈润健手持镰刀割韭菜 · wall_segment Stone Wall x2 |
| 49:52 | 陈润健手持镰刀割韭菜 · wall_segment Stone Wall x1 |
| 49:53 | 陈润健手持镰刀割韭菜 · wall_segment Stone Wall x1 |
| 49:54 | 陈润健手持镰刀割韭菜 · wall_segment Stone Wall x1 |
| 50:54 | 陈润健手持镰刀割韭菜 · wall_segment Stone Wall x2 |
| 55:40 | Mete Başkan · resign |
[ AI ANALYSIS · 1 CREDIT ]
What really happened in this match?
Wolo.gg analyzes every decision: build order, eco, micro, common mistakes by bracket. Personalized analysis on WhatsApp or Discord in 30 seconds.
Civ guide
Spanish
Perfil
Jugador #994012